 Dungeon Crawl Stone Soup version 0.21.1-1-g345015f (webtiles) character file.

301 tev the Chopper (level 6, 0/48 HPs)
             Began as a Demonspawn Berserker on July 29, 2018.
             Was a Priest of Trog.
             Killed from afar by Lilu's ghost (6 damage)
             ... with an orb of energy
             ... on level 3 of the Dungeon.
             The game lasted 00:11:03 (2744 turns).

tev the Chopper (Demonspawn Berserker)              Turns: 2744, Time: 00:11:04

Health: 0/48       AC: 15    Str: 19    XL:     6   Next: 14%
Magic:  6/6        EV: 12    Int:  8    God:    Trog [***...]
Gold:   85         SH:  0    Dex: 13    Spells: 5/5 levels left

rFire    + . .     SeeInvis .   u - +0 war axe
rCold    . . .     Gourm    .   (no shield)
rNeg     . . .     Faith    .   o - +0 ring mail
rPois    .         Spirit   .   k - +2 helmet
rElec    .         Reflect  .   (no cloak)
rCorr    .         Harm     .   n - +0 pair of gloves
MR       ++...                  (no boots)
Stlth    +.........             (no amulet)
HPRegen  1.16/turn              (no ring)
MPRegen  0.10/turn              (no ring)

@: sanguine armour, regenerating
A: hooves 1, fire resistance 1, nightstalker 1, sanguine armour 1
a: Berserk, Trog's Hand, Burn Spellbooks, Renounce Religion


You were on level 3 of the Dungeon.
You worshipped Trog.
Trog was most pleased with you.
You were hungry.

You visited 1 branch of the dungeon, and saw 3 of its levels.

You collected 85 gold pieces.

Inventory:

Hand Weapons
 u - a +0 war axe (weapon)
Armour
 k - a +2 helmet (worn)
 n - a +0 pair of gloves (worn)
 o - a +0 ring mail (worn)
 t - a +0 scale mail
Scrolls
 b - a scroll of amnesia {unknown}
 d - 2 scrolls of remove curse {unknown}
 g - a scroll of teleportation {unknown}
 i - a scroll of enchant armour {unknown}
 j - 2 scrolls of magic mapping {unknown}
 l - 2 scrolls of identify {unknown}
 p - a scroll of fear {unknown}
Potions
 e - 2 potions of flight {unknown}
 f - 2 potions of haste {unknown}
 h - a potion of degeneration {unknown}
 q - a potion of curing {unknown}
 r - a potion of cancellation {unknown}
 s - a potion of agility {unknown}
Comestibles
 c - 7 rations


   Skills:
 + Level 3.7 Fighting
 * Level 5.5 Axes
 + Level 1.9 Armour
 + Level 2.7 Dodging


You had 5 spell levels left.
You didn't know any spells.

Dungeon Overview and Level Annotations

Branches:
Dungeon (3/15)

Altars:
Hepliaklqana
Kikubaaqudgha
Ru
Xom
Zin

Annotations:
D:3 Lilu's ghost, amateur DECj


Innate Abilities, Weirdness & Mutations

You have large cloven feet.
Your flesh is heat resistant. (rF+)
You are slightly more attuned to the shadows.
When seriously injured, your bleeding wounds create armour. (AC +6)


Message History

You are too injured to fight recklessly!
You are too injured to fight recklessly!
You hit Lilu's ghost but do no damage.
Lilu's ghost is heavily damaged.
You slash the orc!
You kill the orc!
Trog accepts your kill.
Lilu's ghost points at you and mumbles some strange words.
The orb of energy hits you!
* * * LOW HITPOINT WARNING * * *
The orb of energy explodes!
Your skin crawls.
You feel resistant to hostile enchantments.
You are feeling hungry.
Lilu's ghost hits you but does no damage.
You barely miss Lilu's ghost.
Lilu's ghost is heavily damaged.
Lilu's ghost points at you and mumbles some strange words.
The orb of energy hits you!
You die...

#.# #####.# #.. ..####
.# #.# #....# .#
#.###....# .#
###.##[...)###..
.#######[)...._.@W.....
.........##.....##.#...
........###....## #
.........##....#
........######...
........######.###
..............<.
.###....##.### #
.........#.#


You could see Lilu's ghost.

Vanquished Creatures
  Sigmund (D:2)
  An orc priest (D:3)
  2 adders (D:2)
  2 oozes
  A dart slug (D:1)
  2 leopard geckos
  12 orcs (D:3)
  8 bats
  A giant cockroach (D:2)
  7 goblins
  4 hobgoblins
  4 jackals (D:2)
  8 kobolds
  2 ball pythons (D:1)
  7 frilled lizards
  8 rats
70 creatures vanquished.

Notes
Turn   | Place    | Note
-------+----------+-------------------------------------------
     0 | D:1      | tev the Demonspawn Berserker began the quest for the Orb.
     0 | D:1      | Reached XP level 1. HP: 18/18 MP: 1/1
   432 | D:1      | Gained mutation: When seriously injured, your bleeding wounds create armour. (AC +6) [demonic ancestry]
   432 | D:1      | Reached XP level 2. HP: 20/24 MP: 2/2
   545 | D:1      | Reached skill level 3 in Axes
   649 | D:1      | Reached ** piety under Trog
   757 | D:1      | Gained mutation: You are slightly more attuned to the shadows. [demonic ancestry]
   757 | D:1      | Reached XP level 3. HP: 27/29 MP: 3/3
  1127 | D:2      | Found a hazy altar of Hepliaklqana.
  1128 | D:2      | Found a shimmering altar of Xom.
  1128 | D:2      | Noticed a hell beast
  1129 | D:2      | Noticed a spectral ugly thing
  1129 | D:2      | Noticed a hell beast
  1559 | D:2      | Noticed Sigmund
  1573 | D:2      | Killed Sigmund
  1573 | D:2      | Reached skill level 5 in Axes
  1573 | D:2      | Gained mutation: Your flesh is heat resistant. (rF+) [demonic ancestry]
  1573 | D:2      | Reached XP level 4. HP: 30/36 MP: 4/4
  1573 | D:2      | Reached XP level 5. HP: 34/41 MP: 5/5
  1787 | D:2      | Found a sacrificial altar of Ru.
  2056 | D:2      | Found a glowing silver altar of Zin.
  2056 | D:2      | Noticed an angel
  2402 | D:3      | Gained mutation: You have large cloven feet. [demonic ancestry]
  2402 | D:3      | Reached XP level 6. HP: 38/48 MP: 6/6
  2648 | D:3      | Found an ancient bone altar of Kikubaaqudgha.
  2649 | D:3      | Reached *** piety under Trog
  2734 | D:3      | Noticed Lilu's ghost (amateur DECj)
  2744 | D:3      | Killed from afar by Lilu's ghost

Skill      XL: |  1  2  3 |
---------------+----------+-----
Axes           | 3 5 |  5.5
Dodging        | 2 |  2.7
Fighting       | |  3.7
Armour         | |  1.9

Action                   |  1- 3 |  4- 6 || total
-------------------------+-------+-------++-------
Melee: Hand axe          |   118 |    81 ||   199
       Kick              |       |     9 ||     9
       War axe           |       |     6 ||     6
Invok: Berserk           |     1 |       ||     1
       Trog's Hand       |       |     1 ||     1
 Stab: Sleeping          |     3 |     2 ||     5
  Eat: Chunk             |     2 |     1 ||     3
       Ration            |       |     1 ||     1
Armor: Animal skin       |    43 |    16 ||    59
       Ring mail         |       |    14 ||    14
Dodge: Dodged            |    95 |    59 ||   154
